[Event "Titled Tuesday Blitz May 2 Early 2023"]
[White "Budrewicz, Krzysztof"]
[Black "Tarasova, Viktoriya"]
[WhiteFideId "1127950"]
[BlackFideId "4175840"]
[WhiteElo "2230"]
[BlackElo "2182"]
[Result "1-0"]
[Round "10"]
[TimeControl "180+2"]
[Date "2023.05.03"]
[WhiteClock "0:00:00"]
[BlackClock "0:00:00"]

1. d4 Nf6 2. c4 e6 3. Nf3 b6 4. g3 Ba6 5. Nbd2 c5 6. Bg2 Bb7 7. dxc5 Bxc5 8. O-O O-O 9. Nb1 d5 10. cxd5 Nxd5 11. a3 Nc6 12. b4 Be7 13. Bb2 Bf6 14. Qb3 Bxb2 15. Qxb2 Qf6 16. Qxf6 Nxf6 17. Nc3 Rfd8 18. Rfd1 Ne7 19. Nb5 a6 20. Nd6 Bd5 21. e4 Rxd6 22. exd5 Nfxd5 23. Ne5 Rad8 24. Rac1 f6 25. Nf3 Kf7 26. Re1 e5 27. Bf1 b5 28. Nh4 Nb6 29. Rc7 R8d7 30. Rec1 Ned5 31. Rxd7+ Rxd7 32. Nf5 g6 33. Nh6+ Kg7 34. Ng4 h5 35. Ne3 Nxe3 36. fxe3 Rd6 37. Rc7+ Kh6 38. h4 Nd5 39. Ra7 Nxe3 40. Be2 Nf5 41. Kf2 Nd4 42. Bf1 Rc6 43. Ke3 Nf5+ 44. Kf2 Rc2+ 45. Be2 Rc6 46. Bd3 Nd4 47. Ke3 Rd6 48. Ke4 Nf5 49. Bc2 Nxg3+ 50. Kf3 Nf5 51. Be4 g5 52. Bxf5 gxh4 53. Bc8 Kg5 54. Rxa6 Rxa6 55. Bxa6 f5 56. Bxb5 e4+ 57. Kg2 f4 58. Be2 f3+ 59. Bxf3 exf3+ 60. Kxf3 Kf5 61. b5 Ke6 62. a4 Kd7 63. a5 Kc7 64. Kg2 Kb7 65. Kh3 1-0


[Site "https://www.chess.com"]

[Event "Titled Tuesday Blitz May 2 Early 2023"]
[White "Jaskolka, Tomasz"]
[Black "Pandey Srishti"]
[WhiteFideId "1170791"]
[BlackFideId "35093290"]
[WhiteElo "2155"]
[BlackElo "2083"]
[Result "0-1"]
[Round "10"]
[TimeControl "180+2"]
[Date "2023.05.03"]
[WhiteClock "0:00:00"]
[BlackClock "0:00:01"]

1. d4 d5 2. Bf4 c5 3. e3 Nc6 4. c3 Nf6 5. Nd2 Qb6 6. Qb3 c4 7. Qc2 g6 8. f3 Bg7 9. e4 e6 10. e5 Nh5 11. Be3 Bf8 12. Ne2 Nxe5 13. O-O-O Nd3+ 14. Kb1 Bd7 15. g4 Nf6 16. Ng3 Bb5 17. a4 Ba6 18. h4 Bd6 19. Rg1 Nd7 20. Bxd3 cxd3 21. Qb3 Qc7 22. Nh1 Bc4 23. Nxc4 dxc4 24. Qb5 a6 25. Qg5 h6 26. Qxh6 Rxh6 27. Bxh6 O-O-O 0-1


[Site "https://www.chess.com"]

[Event "Titled Tuesday Blitz May 2 Early 2023"]
[White "Karamsetty, Jeevan"]
[Black "Singh, Arvinder Preet"]
[WhiteFideId "2025337"]
[BlackFideId "5013240"]
[WhiteElo "2111"]
[BlackElo "2124"]
[Result "0-1"]
[Round "10"]
[TimeControl "180+2"]
[Date "2023.05.03"]
[WhiteClock "0:00:00"]
[BlackClock "0:00:00"]

1. e4 c5 2. Nc3 Nc6 3. Bb5 Nd4 4. Bc4 e6 5. Nge2 a6 6. a4 Nf6 7. O-O d5 8. exd5 exd5 9. Ba2 Nxe2+ 10. Qxe2+ Be7 11. Re1 Be6 12. d3 O-O 13. Bf4 Re8 14. Qf3 Qd7 15. Be5 Bg4 16. Qf4 Nh5 17. Qd2 Bf6 18. Bxf6 Nxf6 19. Qg5 Be6 20. Rad1 h6 21. Qh4 b5 22. b4 d4 23. Bxe6 Rxe6 24. Ne4 Nxe4 25. Rxe4 Rxe4 26. Qxe4 Re8 27. Qf4 cxb4 28. axb5 a5 29. h3 Qxb5 30. Qxd4 a4 31. Rb1 Rb8 32. Qb2 a3 33. Qb3 Qc5 34. c3 a2 35. Qxa2 Qxc3 36. Rb3 Qc1+ 37. Kh2 Qf4+ 38. g3 Qd4 39. Kg2 Re8 40. Qb2 Qd5+ 41. f3 Re1 42. Rxb4 Qc5 43. Rd4 Rc1 44. Rc4 Qg1# 0-1


[Site "https://www.chess.com"]

[Event "Titled Tuesday Blitz May 2 Early 2023"]
[White "Saya, Ethan"]
[Black "Dehtiarov, Roman"]
[WhiteFideId "26095181"]
[BlackFideId "14186640"]
[WhiteElo "2189"]
[BlackElo "2189"]
[Result "1-0"]
[Round "10"]
[TimeControl "180+2"]
[Date "2023.05.03"]
[WhiteClock "0:00:00"]
[BlackClock "0:00:00"]

1. e4 e5 2. Nf3 Nc6 3. Bc4 Bc5 4. c3 Nf6 5. d4 exd4 6. cxd4 Bb4+ 7. Bd2 d5 8. exd5 Nxd5 9. O-O O-O 10. Bxb4 Ncxb4 11. Nc3 Nf6 12. a3 Nbd5 13. Qb3 Nb6 14. Bd3 h6 15. Rad1 c6 16. Ne5 Be6 17. Qc2 Nfd5 18. Bf5 Qf6 19. Bxe6 Qxe6 20. Ne4 Rfe8 21. Nc5 Qe7 22. Rfe1 f6 23. Ned3 Qf7 24. Qb3 Rxe1+ 25. Rxe1 Rd8 26. h3 Kh7 27. Nb4 Re8 28. Qd3+ Kh8 29. Rxe8+ Qxe8 30. Nxd5 Nxd5 31. Qe4 Qxe4 32. Nxe4 Kg8 33. Nd6 b6 34. Kf1 Kf8 35. Ke2 g6 36. g3 Ke7 37. Nc4 Ke6 38. Kd3 f5 39. Ne5 g5 40. Nxc6 a6 41. Ne5 h5 42. Nf3 Kf6 43. h4 gxh4 44. Nxh4 Kg5 45. Ng2 Nf6 46. Ke3 Nd5+ 47. Ke2 b5 48. Ne3 Nb6 49. d5 f4 50. gxf4+ Kxf4 51. d6 Ke5 52. Kf3 Kxd6 53. Kf4 Na4 54. Nd1 Ke6 55. Kg5 Ke5 56. f4+ Ke6 57. f5+ Kf7 58. Kxh5 Kf6 59. Kg4 Nc5 60. Ne3 Nd3 61. Nd5+ Ke5 62. Nc7 Nxb2 63. Kg5 Nc4 64. f6 Nd6 65. Kg6 a5 66. Nxb5 Nxb5 67. f7 Nxa3 68. f8=Q 1-0


[Site "https://www.chess.com"]

[Event "Titled Tuesday Blitz May 2 Early 2023"]
[White "Martinez Reyes, Pedro Ramon"]
[Black "Eggink, Ryszard"]
[WhiteFideId "3901807"]
[BlackFideId "1125869"]
[WhiteElo "2340"]
[BlackElo "2283"]
[Result "0-1"]
[Round "10"]
[TimeControl "180+2"]
[Date "2023.05.03"]
[WhiteClock "0:00:00"]
[BlackClock "0:00:00"]

1. d4 Nf6 2. c4 e6 3. Nf3 Bb4+ 4. Bd2 a5 5. g3 b6 6. Bg2 Bb7 7. O-O O-O 8. Nc3 d6 9. Qc2 Nbd7 10. Bg5 Bxc3 11. Qxc3 h6 12. Bxf6 Nxf6 13. Rfd1 Qe7 14. Rac1 Rad8 15. b3 Rfe8 16. Ne1 Bxg2 17. Nxg2 e5 18. Ne3 Ne4 19. Qd3 exd4 20. Qxd4 Nc5 21. Re1 Qe5 22. Rcd1 Qxd4 23. Rxd4 Ne6 24. Rd2 g6 25. Nd5 Kg7 26. e3 f5 27. h4 Rd7 28. Red1 Nc5 29. Kg2 Ne4 30. Rd3 Nf6 31. a3 Nxd5 32. Rxd5 Rde7 33. h5 Re5 34. hxg6 Kxg6 35. Kf3 h5 36. R5d4 Re4 37. Rxe4 fxe4+ 38. Ke2 Re5 39. Rd4 Kf5 40. Rd1 Rc5 41. Rh1 Kg5 42. a4 d5 43. Rc1 Kf5 44. Kd2 dxc4 45. bxc4 c6 46. Kc3 b5 47. Kd4 Rxc4+ 48. Rxc4 bxc4 49. Kxc4 Kg4 50. Kc5 Kf3 51. Kxc6 Kxf2 52. Kb5 Kxe3 53. Kxa5 Kf2 54. Kb5 e3 55. a5 e2 56. a6 e1=Q 57. a7 Qa1 58. a8=Q Qxa8 59. g4 0-1


[Site "https://www.chess.com"]

[Event "Titled Tuesday Blitz May 2 Early 2023"]
[White "Nikologorskiy, Konstantin"]
[Black "Dinu, Dumitru-Daniel"]
[WhiteFideId "24111708"]
[BlackFideId "1208403"]
[WhiteElo "2293"]
[BlackElo "2240"]
[Result "1-0"]
[Round "10"]
[TimeControl "180+2"]
[Date "2023.05.03"]
[WhiteClock "0:00:00"]
[BlackClock "0:00:00"]

1. d4 Nf6 2. c4 e6 3. Nf3 Bb4+ 4. Bd2 a5 5. g3 b6 6. Bg2 Bb7 7. O-O O-O 8. Bg5 Be7 9. Nc3 d6 10. Qc2 Nbd7 11. e4 e5 12. Rfe1 h6 13. Be3 Ng4 14. Bd2 exd4 15. Nxd4 Bf6 16. Nf5 Nge5 17. Nd5 Bxd5 18. cxd5 Nc5 19. f4 Ned3 20. Reb1 Nb4 21. Qc4 Nbd3 22. Bf1 Nxb2 23. Qe2 Nba4 24. e5 dxe5 25. fxe5 Bg5 26. Qg4 Nd7 27. Bf4 Nc3 28. h4 Nxb1 29. hxg5 hxg5 30. Rxb1 f6 31. e6 Re8 32. exd7 Re4 33. Bd3 Rb4 34. Rxb4 axb4 35. Be3 Ra3 36. Qe4 Qxd7 37. Nd4 f5 38. Nxf5 Rxa2 39. Nd4 Ra1+ 40. Kg2 Ra2+ 41. Bf2 Kf8 42. Ne6+ Kg8 43. Qh7+ Kf7 44. Qxg7+ Ke8 45. Qf8# 1-0


[Site "https://www.chess.com"]

[Event "Titled Tuesday Blitz May 2 Early 2023"]
[White "Liu, Casper"]
[Black "Janaszak, Dawid"]
[WhiteFideId "1454153"]
[BlackFideId "1119206"]
[WhiteElo "2221"]
[BlackElo "2220"]
[Result "0-1"]
[Round "10"]
[TimeControl "180+2"]
[Date "2023.05.03"]
[WhiteClock "0:00:00"]
[BlackClock "0:00:00"]

1. e4 c5 2. Ne2 e6 3. g3 h5 4. Bg2 h4 5. O-O hxg3 6. hxg3 Nc6 7. d4 cxd4 8. Nxd4 Qf6 9. Be3 Nxd4 10. Qxd4 Qg6 11. Nc3 Qh5 12. f3 a6 13. Rad1 Ne7 14. Kf2 Nc6 15. Qb6 Qa5 16. Rfe1 Be7 17. Nd5 exd5 18. exd5 Qxb6 19. Bxb6 Kf8 20. dxc6 dxc6 21. f4 Bg4 22. Rd3 Bf6 23. c3 g6 24. Bf3 Bf5 25. Rd2 Kg7 26. Kg1 Rh3 27. Bg2 Rxg3 28. Bf2 Rg4 29. Kf1 Rh8 30. Bf3 Rxf4 31. Ke2 Rh3 32. Bg2 Rh2 33. Rg1 Bh3 34. Be3 Rg4 35. Kf3 Rgxg2 36. Rdxg2 Bxg2+ 37. Rxg2 Rh3+ 38. Ke2 Be5 39. a4 f5 40. a5 Kf6 41. Rf2 g5 42. Rg2 f4 43. Rf2 Kf5 44. Bc5 g4 45. Rf1 f3+ 46. Ke3 Bf4+ 47. Kd4 Rh2 48. Re1 Re2 49. Rh1 g3 50. Rh8 f2 51. Rf8+ Kg4 52. Rg8+ Kf3 53. Rf8 f1=Q 54. Bd6 Re4+ 55. Kc5 Qb5# 0-1


[Site "https://www.chess.com"]

[Event "Titled Tuesday Blitz May 2 Early 2023"]
[White "Skliarov, Viktor"]
[Black "Pourkashiyan, Atousa"]
[WhiteFideId "14106736"]
[BlackFideId "12502014"]
[WhiteElo "2317"]
[BlackElo "2228"]
[Result "0-1"]
[Round "10"]
[TimeControl "180+2"]
[Date "2023.05.03"]
[WhiteClock "0:00:00"]
[BlackClock "0:00:00"]

1. e4 c5 2. Nf3 e6 3. c3 Nf6 4. Bd3 d5 5. e5 Nfd7 6. Bc2 d4 7. d3 Nc6 8. Ba4 Qc7 9. Bf4 Be7 10. Bg3 a6 11. Bxc6 Qxc6 12. c4 b5 13. Nbd2 Bb7 14. h4 Nb6 15. b3 Qc7 16. Qe2 Nd7 17. O-O h6 18. h5 O-O 19. Ne4 Rac8 20. Rac1 b4 21. Rce1 a5 22. Qd2 Qd8 23. Qf4 a4 24. Qg4 axb3 25. axb3 Ra8 26. Nfd2 Ra2 27. f4 Kh8 28. f5 exf5 29. Rxf5 Bc8 30. Qf3 Qe8 31. Rf1 Kg8 32. Rf2 Nb8 33. Rf4 Nc6 34. Nd6 Nxe5 35. Nxe8 Nxf3+ 36. Nxf3 Rxf2 37. Nf6+ Bxf6 38. Kxf2 Re8 39. Bh4 Bxh4+ 40. Nxh4 Re3 41. Rf3 Rxf3+ 42. gxf3 Bf5 43. Ke2 Be6 44. Ng2 g5 45. hxg6 fxg6 46. Nf4 Kf7 47. Kf2 Kf6 48. Kg3 h5 49. Ne2 g5 50. Kf2 Kf5 51. Ng3+ Kg6 52. Ne4 Bf5 53. Nxc5 h4 54. Na6 Bxd3 55. Nxb4 Bf5 56. Nc6 d3 57. Nd4 h3 58. Nxf5 Kxf5 59. c5 d2 60. Ke2 h2 61. Kxd2 h1=Q 62. b4 Qxf3 63. b5 Qd5+ 64. Ke2 Qxc5 0-1


[Site "https://www.chess.com"]

[Event "Titled Tuesday Blitz May 2 Early 2023"]
[White "Topalov, Aleksandar"]
[Black "Loiacono, Antonio"]
[WhiteFideId "925659"]
[BlackFideId "895415"]
[WhiteElo "2151"]
[BlackElo "2257"]
[Result "0-1"]
[Round "10"]
[TimeControl "180+2"]
[Date "2023.05.03"]
[WhiteClock "0:00:00"]
[BlackClock "0:00:00"]

1. b3 d5 2. Bb2 Bg4 3. g3 c6 4. Bg2 Nd7 5. Nf3 Qc7 6. O-O e5 7. d3 Bd6 8. Nbd2 Ngf6 9. e4 dxe4 10. dxe4 Rd8 11. Qe2 O-O 12. h3 Bxf3 13. Nxf3 Rfe8 14. Rad1 h6 15. h4 Bf8 16. Bh3 a5 17. Rd2 Bb4 18. Rd3 Ra8 19. a3 Bf8 20. Rdd1 Nc5 21. Nd2 Rad8 22. f3 b5 23. Kg2 Ne6 24. Bxe6 Rxe6 25. Nb1 Ree8 26. Rxd8 Rxd8 27. Rd1 Rd7 28. Nd2 Ne8 29. Nf1 f6 30. Ne3 Qd8 31. Rxd7 Qxd7 32. Nf5 g6 33. Ne3 Kf7 34. Ng4 h5 35. Nf2 Bc5 36. Qd3 Qxd3 37. Nxd3 Bb6 38. f4 exf4 39. gxf4 Nc7 40. Kf3 Ne6 41. f5 Ng7 42. fxg6+ Kxg6 43. Nf4+ Kf7 44. a4 Bc7 45. Nd3 Ne6 46. e5 f5 47. Nf4 Nxf4 48. Kxf4 Ke6 49. c4 bxc4 50. bxc4 Bd8 51. Kg3 Bc7 52. Kf4 Bd8 53. Kg3 f4+ 54. Kxf4 Bxh4 55. Ke4 Bd8 56. Bc3 Bc7 57. Kf4 Bd8 58. Bd2 h4 59. Bc3 Bb6 60. Kg4 Bd8 61. Kh3 Kf5 62. Bb2 Ke4 0-1


[Site "https://www.chess.com"]

[Event "Titled Tuesday Blitz May 2 Early 2023"]
[White "Korelskiy, Egor"]
[Black "Adithya A Chullikkad"]
[WhiteFideId "34329064"]
[BlackFideId "45078734"]
[WhiteElo "2186"]
[BlackElo "1984"]
[Result "1-0"]
[Round "10"]
[TimeControl "180+2"]
[Date "2023.05.03"]
[WhiteClock "0:00:00"]
[BlackClock "0:00:00"]

1. e4 c5 2. Nf3 d6 3. d4 cxd4 4. Nxd4 Nf6 5. Nc3 a6 6. h3 e5 7. Nb3 Be7 8. f4 Be6 9. Be2 Nc6 10. Be3 b5 11. O-O O-O 12. Qd2 Qc7 13. a3 Rfd8 14. f5 Bxb3 15. cxb3 d5 16. Nxd5 Nxd5 17. exd5 Na5 18. Rac1 Qb7 19. Qxa5 Qxd5 20. Bf3 e4 21. Be2 Bf6 22. Rfd1 Qxf5 23. Rxd8+ Rxd8 24. Qc7 h6 25. b4 Kh7 26. Bg4 Qd5 27. Rd1 Qb3 28. Rxd8 Bxd8 29. Qf4 g6 30. Qxh6+ Kg8 31. Qf4 f5 32. Be2 Bc7 33. Qh6 Kf7 34. Qh7+ Kf6 35. Bd4+ Be5 36. Qh8+ Kg5 37. h4+ Kf4 38. Qxe5# 1-0


[Site "https://www.chess.com"]

[Event "Titled Tuesday Blitz May 2 Early 2023"]
[White "Balla, Tamas-Kristof"]
[Black "Bruedigam, Martin"]
[WhiteFideId "1208497"]
[BlackFideId "24608033"]
[WhiteElo "2334"]
[BlackElo "2331"]
[Result "0-1"]
[Round "10"]
[TimeControl "180+2"]
[Date "2023.05.03"]
[WhiteClock "0:00:00"]
[BlackClock "0:00:00"]

1. e4 c6 2. d4 d5 3. exd5 cxd5 4. c4 Nf6 5. Nc3 e6 6. Nf3 Bb4 7. Bd3 dxc4 8. Bxc4 O-O 9. O-O b6 10. Bg5 Bb7 11. Qe2 Nc6 12. Rfd1 Ne7 13. Ne5 Bxc3 14. bxc3 Ned5 15. Bxd5 Qxd5 16. f3 Nd7 17. Bf4 Nxe5 18. Bxe5 Rac8 19. Rac1 Rc4 20. Qf2 f6 21. Bg3 Rfc8 22. Qe3 Qd7 23. Re1 Bd5 24. f4 f5 25. Qd2 Be4 26. Re3 Qd5 27. h3 b5 28. Bh4 a5 29. Rg3 Kh8 30. Qe2 b4 31. Qh5 Qd7 32. Qh6 Rf8 33. Qh5 a4 34. Qe2 Rfc8 35. Qd2 b3 36. axb3 axb3 37. Qb2 Bc2 38. Rxc2 bxc2 39. Qxc2 Qxd4+ 40. Kh2 Rxc3 41. Qe2 Rxg3 42. Bxg3 Qd5 43. Qa6 Ra8 44. Qb6 h6 45. Qb2 Ra2 0-1


[Site "https://www.chess.com"]

[Event "Titled Tuesday Blitz May 2 Early 2023"]
[White "Danielyan, Vahe"]
[Black "Gatterer, Florian"]
[WhiteFideId "13304828"]
[BlackFideId "811688"]
[WhiteElo "2423"]
[BlackElo "2221"]
[Result "1-0"]
[Round "10"]
[TimeControl "180+2"]
[Date "2023.05.03"]
[WhiteClock "0:00:00"]
[BlackClock "0:00:00"]

1. d4 g6 2. c4 Bg7 3. Nc3 Nf6 4. e4 d6 5. h3 O-O 6. Be3 c5 7. Nf3 Qa5 8. Bd3 cxd4 9. Nxd4 Nc6 10. O-O Nxd4 11. Bxd4 Be6 12. Qd2 Nd7 13. Bxg7 Kxg7 14. Rad1 Nc5 15. Be2 f6 16. f4 Bf7 17. f5 g5 18. Kh1 Rac8 19. Rfe1 Nd7 20. b3 Ne5 21. Bf1 a6 22. Nd5 Qxd2 23. Rxd2 Bxd5 24. exd5 a5 25. a4 b6 26. Kg1 Rc7 27. Kf2 h5 28. g3 Kh6 29. Be2 Rg8 30. Rd4 Rgc8 31. Ke3 Ra8 32. Kd2 Rca7 33. Bd1 Rc8 34. Kc3 Rac7 35. Kb2 Rc5 36. Re2 R5c7 37. Rc2 Rc5 38. Be2 R5c7 39. Ka3 Rb8 40. Rd1 Rc5 41. Rb1 Rbc8 42. Rbc1 R8c7 43. Kb2 Rc8 44. Rc3 R8c7 45. Re1 Rc8 46. Re3 R8c7 47. Ka3 Rc8 48. Re4 R8c7 49. Rd4 Rc8 50. Rc1 R8c7 51. Rc3 Rc8 52. Re3 R8c7 53. Rd1 Rc8 54. Rb1 R8c7 55. Re4 Rc8 56. Ka2 R8c7 57. b4 axb4 58. Rxb4 Ra7 59. Kb3 Rca5 60. Bd1 R7a6 61. Re3 Rc5 62. Be2 g4 63. h4 Rca5 64. Bd1 Rc5 65. Re4 Rca5 66. Be2 Rc5 67. Rb5 Rxb5+ 68. cxb5 Ra7 69. Re3 Rc7 70. Rc3 Rxc3+ 71. Kxc3 Nd7 72. Kb4 1-0


[Site "https://www.chess.com"]

[Event "Titled Tuesday Blitz May 2 Early 2023"]
[White "Demin, Vladimir"]
[Black "Fernandez Siles, Luis"]
[WhiteFideId "4167457"]
[BlackFideId "2209420"]
[WhiteElo "2430"]
[BlackElo "2195"]
[Result "1-0"]
[Round "10"]
[TimeControl "180+2"]
[Date "2023.05.03"]
[WhiteClock "0:00:01"]
[BlackClock "0:00:00"]

1. d4 Nf6 2. Nc3 d5 3. Bf4 c5 4. e4 Nxe4 5. Nxe4 dxe4 6. dxc5 Qa5+ 7. c3 Qxc5 8. Qa4+ Nc6 9. Qxe4 e5 10. Nf3 f6 11. Be3 Qa5 12. Bc4 Bd7 13. O-O Be7 14. a4 f5 15. Qd5 Qxd5 16. Bxd5 Bf6 17. Bc5 b6 18. Ba3 O-O-O 19. Rfd1 e4 20. Nd2 Ne5 21. Nc4 Nxc4 22. Bxc4 g6 23. Ba6+ Kb8 24. Bd6+ Ka8 25. a5 b5 26. Bc7 Bc6 27. Bxd8 Rxd8 28. Rxd8+ Bxd8 29. Rd1 Bxa5 30. Rd6 Bb7 31. Bxb5 a6 32. Bc4 f4 33. Bxa6 e3 34. Bxb7+ Kxb7 35. fxe3 fxe3 36. Kf1 1-0


[Site "https://www.chess.com"]

[Event "Titled Tuesday Blitz May 2 Early 2023"]
[White "Pham, Le Thao Nguyen"]
[Black "Sanhueza, Cristian"]
[WhiteFideId "12401226"]
[BlackFideId "116815"]
[WhiteElo "2286"]
[BlackElo "2219"]
[Result "0-1"]
[Round "10"]
[TimeControl "180+2"]
[Date "2023.05.03"]
[WhiteClock "0:00:00"]
[BlackClock "0:00:00"]

1. d4 Nf6 2. Nf3 g6 3. g3 Bg7 4. Bg2 O-O 5. O-O d6 6. b3 Nbd7 7. Bb2 Re8 8. Nbd2 e5 9. dxe5 Ng4 10. Nc4 Ngxe5 11. Nfxe5 Nxe5 12. Nxe5 Bxe5 13. Bxe5 Rxe5 14. e3 Rb8 15. Qd4 Rc5 16. c4 Be6 17. Rfd1 Qg5 18. Rd2 h5 19. h4 Qe5 20. Rad1 Bg4 21. Rf1 a5 22. Bd5 Kg7 23. a4 b6 24. Qxe5+ dxe5 25. f3 Bh3 26. Rfd1 Bf5 27. f4 Bg4 28. Rf1 c6 29. Bg2 b5 30. cxb5 cxb5 31. Rd6 bxa4 32. bxa4 Rb2 33. Rf2 Rc1+ 34. Bf1 Rbb1 35. Kg2 e4 36. f5 Bf3+ 37. Kg1 Rd1 38. Rc6 Rbc1 39. f6+ Kh6 40. Ra6 Rc5 41. Ra7 g5 42. Rxf7 gxh4 43. gxh4 Kg6 44. Rf8 Rf5 45. Kh2 Rxf6 46. Rxf6+ Kxf6 47. Bh3 Rh1+ 48. Kg3 Ke5 49. Bg2 Rg1 50. Kh2 Rxg2+ 51. Rxg2 Bxg2 52. Kxg2 Kd5 53. Kg3 Kc4 54. Kf4 Kd3 55. Kg5 Kxe3 56. Kxh5 Kf4 57. Kg6 e3 58. h5 e2 59. h6 e1=Q 60. h7 Qe5 0-1


[Site "https://www.chess.com"]

[Event "Titled Tuesday Blitz May 2 Early 2023"]
[White "Rodchenkov, Sergey D."]
[Black "Seder, Mohammed"]
[WhiteFideId "4168712"]
[BlackFideId "11505567"]
[WhiteElo "2277"]
[BlackElo "1862"]
[Result "0-1"]
[Round "10"]
[TimeControl "180+2"]
[Date "2023.05.03"]
[WhiteClock "0:00:00"]
[BlackClock "0:00:00"]

1. e4 c5 2. Nf3 Nc6 3. d4 cxd4 4. Nxd4 Nf6 5. Nc3 Nxd4 6. Qxd4 d6 7. Bg5 e6 8. f4 Be7 9. O-O-O a6 10. Kb1 O-O 11. Bxf6 Bxf6 12. Qxd6 Qa5 13. e5 Rd8 14. Qa3 Rxd1+ 15. Nxd1 Qe1 16. Qd3 Be7 17. g3 Qb4 18. Bg2 g6 19. Nc3 Rb8 20. a3 Qb6 21. h4 Bxa3 22. Na4 Qf2 23. Qxa3 Qxg2 24. Rd1 Bd7 25. Rxd7 b5 26. Nb6 Qg1+ 27. Ka2 Qxb6 28. h5 Rd8 29. Rxd8+ Qxd8 0-1


[Site "https://www.chess.com"]

[Event "Titled Tuesday Blitz May 2 Early 2023"]
[White "Erzhanov, Arman"]
[Black "Mogirzan, Matei-Valeriu"]
[WhiteFideId "4138821"]
[BlackFideId "1257455"]
[WhiteElo "2138"]
[BlackElo "1733"]
[Result "1-0"]
[Round "10"]
[TimeControl "180+2"]
[Date "2023.05.03"]
[WhiteClock "0:00:00"]
[BlackClock "0:00:00"]

1. e4 c5 2. Nf3 d6 3. d4 cxd4 4. Qxd4 Nc6 5. Qe3 g6 6. Be2 Bg7 7. h3 e5 8. O-O f5 9. Bc4 Nf6 10. Ng5 Nd4 11. Na3 fxe4 12. Nf7 Qe7 13. Nxh8 d5 14. Bxd5 Nxd5 15. Qxe4 Nf6 16. Qh4 Bf5 17. c3 Nc6 18. Rd1 Bxh8 19. Bg5 Bg7 20. Nb5 Rd8 21. Qa4 a6 22. Na7 b5 23. Nxc6 bxa4 24. Nxe7 Rxd1+ 25. Rxd1 Kxe7 26. Rd5 h6 27. Rxe5+ Kd6 28. Bf4 Nd5 29. Rxf5+ Nxf4 30. Rxf4 a3 31. bxa3 Bxc3 32. Rc4 Bb2 33. Ra4 Kc5 34. Rxa6 1-0


[Site "https://www.chess.com"]

[Event "Titled Tuesday Blitz May 2 Early 2023"]
[White "Ronka, Erik"]
[Black "Balague Camps, Marc"]
[WhiteFideId "505080"]
[BlackFideId "2297914"]
[WhiteElo "2264"]
[BlackElo "2089"]
[Result "0-1"]
[Round "10"]
[TimeControl "180+2"]
[Date "2023.05.03"]
[WhiteClock "0:00:00"]
[BlackClock "0:00:00"]

1. d4 c5 2. e4 cxd4 3. Nf3 e6 4. Nxd4 Nc6 5. Nb5 d6 6. Bf4 e5 7. Be3 a6 8. N5c3 Nf6 9. Nd2 Be7 10. Nc4 b5 11. Nb6 Rb8 12. Nbd5 O-O 13. Be2 Nxd5 14. Nxd5 Bg5 15. O-O Be6 16. Bxg5 Qxg5 17. Ne3 Rfd8 18. c3 Ne7 19. Bf3 h5 20. Kh1 g6 21. b4 Rbc8 22. Rc1 Rc6 23. a4 Rdc8 24. axb5 axb5 25. Be2 Rxc3 26. Rxc3 Rxc3 27. Qxd6 Nc6 28. Bxb5 Nd4 29. Bd7 Qd8 30. Qxe5 Qxd7 31. Rd1 Rxe3 32. fxe3 Nc6 33. Rxd7 Nxe5 34. Rd8+ Kg7 35. b5 Nc4 36. Rb8 Kf6 37. b6 Ke5 38. b7 Nd6 39. Kg1 Kxe4 40. Kf2 Kd5 41. h3 Kc6 42. g4 hxg4 43. hxg4 Kc7 44. Rf8 Nxb7 45. Kf3 Kd6 46. Kf4 Ke7 47. Ra8 Nc5 48. Ra7+ Kf6 49. g5+ Kg7 50. Ke5 Nd7+ 51. Kf4 Nf8 52. Ke5 Nd7+ 53. Kd6 Nb6 54. Rb7 Nc4+ 55. Ke7 Nxe3 56. Rb5 Nd5+ 57. Kd6 Nc3 58. Rb7 Ne4+ 59. Ke5 Nxg5 60. Kf4 Nh7 61. Ke5 Bf5 62. Kf4 Nf8 63. Ra7 Kf6 64. Ra6+ Ne6+ 65. Kf3 g5 66. Kg3 Kg6 67. Kf3 f6 68. Kg3 Ng7 69. Kf3 Nh5 70. Kg2 g4 71. Ra8 Kg5 72. Rg8+ Kf4 73. Rh8 Ng7 74. Rg8 Ne6 75. Ra8 Ng5 76. Ra5 Be4+ 77. Kf2 f5 78. Kg1 g3 79. Ra3 Nh3+ 80. Kf1 g2+ 0-1


[Site "https://www.chess.com"]

[Event "Titled Tuesday Blitz May 2 Early 2023"]
[White "Napoli, Nicolo"]
[Black "Eidelman, Gabriel"]
[WhiteFideId "813702"]
[BlackFideId "30910544"]
[WhiteElo "2308"]
[BlackElo "2209"]
[Result "0-1"]
[Round "10"]
[TimeControl "180+2"]
[Date "2023.05.03"]
[WhiteClock "0:00:00"]
[BlackClock "0:00:00"]

1. e4 d6 2. d4 g6 3. Nc3 Bg7 4. Nf3 Bg4 5. Be3 Nc6 6. Bc4 e6 7. d5 exd5 8. exd5 Ne5 9. Be2 Nxf3+ 10. Bxf3 Bxf3 11. Qxf3 Ne7 12. Bd2 O-O 13. O-O-O Qd7 14. h4 h5 15. Bg5 Rae8 16. Rhe1 Nf5 17. g4 Nd4 18. Qd3 Qxg4 19. Be7 Nf3 20. Re3 Ne5 21. Qe2 Rxe7 0-1


[Site "https://www.chess.com"]

[Event "Titled Tuesday Blitz May 2 Early 2023"]
[White "Shuvalov, Evgenij"]
[Black "De Souza, Cristiano Gomes"]
[WhiteFideId "4187237"]
[BlackFideId "2151758"]
[WhiteElo "2080"]
[BlackElo "2068"]
[Result "1-0"]
[Round "10"]
[TimeControl "180+2"]
[Date "2023.05.03"]
[WhiteClock "0:00:00"]
[BlackClock "0:00:00"]

1. b4 c6 2. Bb2 Qb6 3. a3 a5 4. e3 axb4 5. Bd4 Qc7 6. axb4 Rxa1 7. Bxa1 e5 8. b5 Nf6 9. Nf3 d6 10. d4 e4 11. Nfd2 d5 12. c4 Be6 13. Qb3 Nbd7 14. c5 g6 15. b6 Qc8 16. Be2 Bg7 17. h3 O-O 18. Kd1 Ne8 19. Kc2 Nxc5 20. dxc5 Bxa1 21. Nc3 Bxc3 22. Qxc3 Qd8 23. Nb3 Qf6 24. Qxf6 Nxf6 25. Ra1 Nd7 26. Kc3 Rb8 27. Kb4 Kf8 28. Nd4 Ke7 29. Ra7 Kf6 30. h4 h6 31. g3 Ne5 32. Kc3 Nd7 33. Nb3 Ne5 34. Na5 Bc8 35. Kd4 Nd7 36. Bg4 Ke7 37. Be2 f5 38. Ba6 bxa6 39. Nxc6+ Kf6 40. Rxd7 Bxd7 41. Nxb8 Bb5 42. c6 Ke7 43. b7 Kd6 44. Nxa6 1-0


[Site "https://www.chess.com"]

[Event "Titled Tuesday Blitz May 2 Early 2023"]
[White "Osinovsky, Stepan"]
[Black "Goswami, Vedant"]
[WhiteFideId "4157354"]
[BlackFideId "5003725"]
[WhiteElo "2222"]
[BlackElo "2011"]
[Result "1/2-1/2"]
[Round "10"]
[TimeControl "180+2"]
[Date "2023.05.03"]
[WhiteClock "0:00:00"]
[BlackClock "0:00:00"]

1. Nf3 Nf6 2. g3 d5 3. Bg2 Nc6 4. O-O g6 5. d4 Bg7 6. Bf4 O-O 7. e3 Nh5 8. Nbd2 Nxf4 9. gxf4 Bg4 10. h3 Bh5 11. c4 e6 12. Rc1 Ne7 13. Qb3 Bxf3 14. Nxf3 Rb8 15. Rc2 c6 16. Qa3 a6 17. b4 Nf5 18. Qd3 Nd6 19. cxd5 exd5 20. Ne5 f6 21. Nf3 Qb6 22. a3 a5 23. Rb1 axb4 24. axb4 Ra8 25. h4 Ra4 26. Rcb2 Rfa8 27. h5 Kf7 28. Nh4 f5 29. Bh3 Ne4 30. Nf3 Ra3 31. Rb3 Rxb3 32. Qxb3 Bf6 33. Bg2 Qb5 34. Bf1 Qa4 35. Qxa4 Rxa4 36. hxg6+ hxg6 37. b5 Ke6 38. bxc6 bxc6 39. Rb8 Ra2 40. Re8+ Kf7 41. Rc8 Rxf2 42. Ne5+ Bxe5 43. fxe5 Rf3 44. Rxc6 Rxe3 45. Rc7+ Ke6 46. Rc6+ Kf7 47. Rc7+ Ke6 48. Rc6+ Kf7 1/2-1/2


[Site "https://www.chess.com"]

[Event "Titled Tuesday Blitz May 2 Early 2023"]
[White "Biriukov, Ilja"]
[Black "Rios Escobar, Adan"]
[WhiteFideId "4113373"]
[BlackFideId "3403645"]
[WhiteElo "2426"]
[BlackElo "2234"]
[Result "0-1"]
[Round "10"]
[TimeControl "180+2"]
[Date "2023.05.03"]
[WhiteClock "0:00:00"]
[BlackClock "0:00:00"]

1. c4 Nf6 2. Nc3 g6 3. d4 d5 4. cxd5 Nxd5 5. e4 Nxc3 6. bxc3 Bg7 7. Nf3 c5 8. Be3 Qa5 9. Qd2 Nc6 10. Be2 O-O 11. O-O cxd4 12. Nxd4 Rd8 13. Qb2 Nxd4 14. cxd4 b6 15. Rfd1 Bb7 16. Rac1 Bxe4 17. Rc7 Bf6 18. Qb3 Kg7 19. h3 Qd5 20. f3 Qd6 21. Qc3 Bd5 22. Ba6 Bxa2 23. Bf2 Bd5 24. Bb7 Bxb7 25. Rxb7 Rd7 26. Rxd7 Qxd7 27. Qc4 Rd8 28. d5 Rc8 29. Qe4 Qd6 30. h4 h5 31. g4 hxg4 32. fxg4 Qe5 33. Qf3 Rc3 34. Qg2 Qf4 35. h5 Be5 36. hxg6 fxg6 37. Rf1 Rf3 38. g5 Bd4 0-1


[Site "https://www.chess.com"]